 Dungeon Crawl Stone Soup version 0.28-a0-1406-ga8dd43b1d0 (webtiles) character file.

Game seed: 14559674181789624658

3227 Peloso the Carver (level 9, -13/79 HPs)
             Began as a Minotaur Fighter on Jan 6, 2022.
             Was a Priest of Okawaru.
             Mangled by a two-headed ogre (20 damage)
             ... on level 8 of the Dungeon.
             The game lasted 00:08:52 (5229 turns).

Peloso the Carver (Minotaur Fighter)                Turns: 5229, Time: 00:08:52

Health: -13/79     AC: 11    Str: 22    XL:     9   Next: 66%
Magic:  6/8        EV: 13    Int:  5    God:    Okawaru [***...]
Gold:   296        SH:  9    Dex: 13    Spells: 8/8 levels left

rFire   . . .      SeeInvis .   a - +0 long sword
rCold   . . .      Faith    .   c - +2 buckler
rNeg    . . .      Spirit   .   b - +0 scale mail
rPois   .          Reflect  .   (helmet restricted)
rElec   .          Harm     .   x - +0 cloak
rCorr   .          Rampage  .   (no gloves)
Will    .....                   (no boots)
Stlth   ++........              k - amulet of regeneration
HPRegen 1.03/turn               (no ring)
MPRegen 0.11/turn               (no ring)

@: heroic
A: horns 2, retaliatory headbutt
a: Renounce Religion, Heroism


You were on level 8 of the Dungeon.
You worshipped Okawaru.
Okawaru was most pleased with you.
You visited 2 branches of the dungeon, and saw 9 of its levels.

You collected 296 gold pieces.

Inventory:

Hand Weapons
 a - a +0 long sword (weapon)
Armour
 b - a +0 scale mail (worn)
 c - a +2 buckler (worn)
 x - a +0 cloak (worn)
Jewellery
 k - an amulet of regeneration (around neck)
 n - an amulet of faith
 D - a ring of magical power
Wands
 B - a wand of iceblast (12)
Scrolls
 e - 2 scrolls of brand weapon
 g - 2 scrolls of amnesia
 h - 2 scrolls of identify
 j - 3 scrolls of holy word
 l - 3 scrolls of enchant armour
 r - 2 scrolls of teleportation
 s - a scroll of enchant weapon
 t - a scroll of fear {unknown}
 w - a scroll of fog {unknown}
 y - a scroll of blinking
 z - a scroll of vulnerability {unknown}
 C - a scroll of torment {unknown}
 E - a scroll of magic mapping {unknown}
 F - a scroll of immolation {unknown}
Potions
 d - 3 potions of might
 f - 2 potions of curing {unknown}
 i - a potion of resistance {unknown}
 m - a potion of berserk rage {unknown}
 o - a potion of heal wounds
 p - a potion of cancellation {unknown}
 q - 2 potions of attraction {unknown}
 u - a potion of degeneration {unknown}
 v - a potion of mutation {unknown}
 A - a potion of brilliance {unknown}


   Skills:
 + Level 7.4(12.4) Fighting
 + Level 11.0(16.0) Long Blades
 + Level 0.2(5.2) Throwing
 + Level 8.4(13.4) Armour
 + Level 3.6(8.6) Dodging
 + Level 0.5(5.5) Stealth
 + Level 6.8(11.8) Shields


You had 8 spell levels left.
You didn't know any spells.
Your spell library contained the following spells:

 Spells                   Type           Power      Damage    Failure   Level
 Ozocubu's Armour         Ice            0%         N/A       98%         3
 Stone Arrow              Conj/Erth      0%         3d7       98%         3
 Passage of Golubria      Tloc           0%         N/A       100%        4
 Metabolic Englaciation   Hex/Ice        0%         N/A       100%        5
 Yara's Violent Unravell  Hex/Tmut       0%         3d3       100%        5
 Lehudib's Crystal Spear  Conj/Erth      0%         10d2      100%        8
 Tukima's Dance           Hex            Unusable   N/A       N/A         3
 Animate Armour           Summ/Erth      Unusable   N/A       N/A         4
 Simulacrum               Ice/Necr       Unusable   N/A       N/A         6

Dungeon Overview and Level Annotations

Branches:
Dungeon (8/15)             Temple (1/1) D:5
   Lair: D:8-11

Altars:
Cheibriados
Dithmenos
Elyvilon
Fedhas
Gozag
Hepliaklqana
Kikubaaqudgha
Makhleb
Nemelex Xobeh
Okawaru
Qazlal
Ru
Sif Muna
Vehumet
Wu Jian
Yredelemnul
The Shining One

Shops:
D:6 *

Portals:
Abyss: D:7

Annotations:
D:7 2 transporters


Innate Abilities, Weirdness & Mutations

You have a pair of horns on your head.
You reflexively headbutt those who attack you in melee.


Message History

The centaur shoots an arrow.
You block the arrow.
The centaur unwields a +0 shortbow.
The centaur closely misses you. x2
You hit the two-headed ogre.
The two-headed ogre is lightly wounded.
You hit the two-headed ogre.
The two-headed ogre is lightly wounded.
The two-headed ogre hits you with a +0 giant club!
The two-headed ogre closely misses you.
You barely miss the two-headed ogre.
Your headbutt misses the two-headed ogre.
The two-headed ogre is lightly wounded.
The two-headed ogre hits you with a +0 giant club!
The two-headed ogre hits you with a +0 giant spiked club!
You slash the two-headed ogre!
The two-headed ogre is moderately wounded.
You hit the two-headed ogre.
The two-headed ogre is moderately wounded.
The two-headed ogre hits you with a +0 giant club.
The two-headed ogre hits you with a +0 giant spiked club!!
* * * LOW HITPOINT WARNING * * *
It was a potion of heal wounds.
You feel much better.
The two-headed ogre hits you with a +0 giant club!!
* * * LOW HITPOINT WARNING * * *
You block the two-headed ogre's attack.
You gain the combat prowess of a mighty hero.
You feel much better. You block the two-headed ogre's attack.
The two-headed ogre hits you with a +0 giant spiked club!!
You barely miss the two-headed ogre.
The two-headed ogre is moderately wounded.
The two-headed ogre hits you with a +0 giant club!!
* * * LOW HITPOINT WARNING * * *
You block the two-headed ogre's attack.
You slash the two-headed ogre!
The two-headed ogre is heavily wounded.
You barely miss the two-headed ogre.
The two-headed ogre is heavily wounded.
The two-headed ogre hits you with a +0 giant club.
* * * LOW HITPOINT WARNING * * *
The two-headed ogre hits you with a +0 giant spiked club!!
You die...

.#.#...<#.#
#.# .#
#...##.# #.#
.. #......#
#.#
#..#..#####
#.#
[.#........#
#.#
#.##.#######
#.# #.# #.#
#.# #####.#
#.# #...#@#
#.# #...O.#
#.# #...#.#
#####...###
#....≈..#
#.....≈.'...#
#......≈#...#
#####...≈.c.#
#...# ....


You could see a two-headed ogre.

Vanquished Creatures
  A cyclops (D:6)
  Grinder (D:4)
  4 slime creatures
  A water moccasin (D:4)
  A black bear (D:7)
  A necrophage (D:4)
  2 ogres
  A centaur (D:7)
  A phantom (D:3)
  2 bullfrogs (D:7)
  3 scorpions
  2 wyvern skeletons (D:6)
  A killer bee (D:7)
  2 bullfrog zombies
  2 centaur zombies (D:6)
  4 hounds
  A jelly (D:7)
  5 iguanas
  A killer bee zombie (D:3)
  A hound skeleton (D:4)
  A howler monkey skeleton (D:5)
  9 adders
  A white imp (D:6)
  2 ufetubi
  2 worms (D:4)
  4 dart slugs
  6 orcs
  7 endoplasms
  2 giant cockroaches
  7 goblins
  6 hobgoblins
  7 jackals (D:1)
  3 quokkas
  7 ball pythons
  2 bats
  2 frilled lizards
  7 kobolds
  12 rats
124 creatures vanquished.

Notes
Turn   | Place    | Note
-------+----------+-------------------------------------------
     0 | D:1      | Peloso the Minotaur Fighter began the quest for the Orb.
     0 | D:1      | Reached XP level 1. HP: 19/19 MP: 0/0
   233 | D:1      | Reached XP level 2. HP: 27/27 MP: 1/1
   709 | D:1      | Reached XP level 3. HP: 33/33 MP: 2/2
   782 | D:1      | Found a faded altar of an unknown god.
  1014 | D:2      | Reached skill level 3 in Long Blades
  1177 | D:2      | Found a shadowy altar of Dithmenos.
  1819 | D:3      | Reached XP level 4. HP: 40/40 MP: 3/3
  1874 | D:3      | Noticed a phantom
  1886 | D:3      | Killed a phantom
  1887 | D:3      | Reached skill level 4 in Long Blades
  1887 | D:3      | Reached XP level 5. HP: 47/47 MP: 4/4
  2038 | D:4      | Found a stormy altar of Qazlal.
  2235 | D:4      | Noticed Grinder
  2245 | D:4      | Paralysed by Grinder for 5 turns
  2255 | D:4      | Paralysed by Grinder for 5 turns
  2274 | D:4      | Paralysed by Grinder for 7 turns
  2289 | D:4      | Killed Grinder
  2290 | D:4      | Reached skill level 5 in Long Blades
  2290 | D:4      | Reached skill level 5 in Armour
  2290 | D:4      | Reached skill level 1 in Dodging
  2290 | D:4      | Reached XP level 6. HP: 27/53 MP: 5/5
  2406 | D:4      | Reached skill level 6 in Long Blades
  2475 | D:4      | Reached XP level 7. HP: 56/60 MP: 6/6
  2526 | D:4      | Found a sparkling altar of Nemelex Xobeh.
  2769 | D:4      | Reached skill level 7 in Long Blades
  2769 | D:4      | Reached skill level 5 in Shields
  2776 | D:4      | Reached skill level 5 in Fighting
  2918 | D:5      | Entered Level 5 of the Dungeon
  3003 | D:5      | Found a staircase to the Ecumenical Temple.
  3028 | D:5      | Reached XP level 8. HP: 59/68 MP: 7/7
  3044 | D:5      | Identified the +5 hand axe of Raoppox {vorpal, rPois rF+
                  | Str-3 Dex+4}
  3049 | Temple   | Entered the Ecumenical Temple
  3150 | Temple   | Became a worshipper of Warmaster Okawaru
  3234 | D:5      | Reached skill level 8 in Long Blades
  3435 | D:5      | Found a shadowy altar of Dithmenos.
  3796 | D:6      | Found Luelyutixa's Mayhem Merchandise.
  3895 | D:6      | Noticed a cyclops
  3908 | D:6      | Killed a cyclops
  3908 | D:6      | Reached * piety under Okawaru
  3909 | D:6      | Reached skill level 9 in Long Blades
  4082 | D:6      | Reached ** piety under Okawaru
  4083 | D:6      | Reached XP level 9. HP: 78/78 MP: 8/8
  4291 | D:6      | Reached skill level 10 in Long Blades
  4480 | D:7      | Found a transporter.
  4480 | D:7      | Found a transporter.
  4486 | D:7      | Noticed an ancient zyme
  4504 | D:7      | Noticed a toenail golem
  4510 | D:7      | Found a one-way gate to the infinite horrors of the Abyss.
  4863 | D:7      | Found an ancient bone altar of Kikubaaqudgha.
  4863 | D:7      | Found a snail-covered altar of Cheibriados.
  5119 | D:8      | Reached *** piety under Okawaru
  5161 | D:8      | Reached skill level 11 in Long Blades
  5209 | D:8      | Noticed a two-headed ogre
  5229 | D:8      | Mangled by a two-headed ogre

Illustrated notes

Levels and vault maps discovered:
D:1:      dpeg_arrival_simpleton_b, layout_loops_corners,
          dreamdust_ecumenical_altar_angels_and_demons, minmay_rat_gold_closets
D:2:      layout_rooms, basic_altar
D:3:      layout_loops_ring
D:4:      minmay_chambers_of_threes, layout_basic, lemuel_tele_altar,
          minmay_ruined_shrine, uniq_grinder
D:5:      layout_loops_ring, nicolae_dithmenos_through_a_glass_darkly,
          minmay_temple_entry_sparse_star, nicolae_sextant
D:6:      layout_basic, grunt_ministairs_1, minmay_misc_feat_pillars,
          minmay_shop_mayhem
D:7:      cheibrodos_quashed, layout_rooms, gammafunk_temple_overflow_wave,
          gammafunk_ghost_abyssal_escape, grunt_decor_arrowhead,
          kennysheep_generic_room_10
D:8:      layout_basic, eat_drink_and_be_merry_uskayaw,
          hangedman_abyss_or_decor_clamps
Temple:   regret_index_temple_sphere_string

Skill      XL: |  1  2  3  4  5  6  7  8  9 |
---------------+----------------------------+-----
Shields        | 4 5 6 |  6.8
Fighting       | 4 5 6 7 |  7.4
Armour         | 4 5 6 7 8 |  8.4
Long Blades    | 3 4 5 6 7 9 11 | 11.0
Dodging        | 1 2 3 |  3.6
Throwing       | |  0.2
Stealth        | |  0.5

Action                   |  1- 3 |  4- 6 |  7- 9 || total
-------------------------+-------+-------+-------++-------
Melee: Long sword        |    77 |    85 |   227 ||   389
       Headbutt          |    14 |    16 |    65 ||    95
Throw: Throwing net      |       |     1 |       ||     1
Invok: Heroism           |       |       |     1 ||     1
  Use: Scroll            |       |       |     6 ||     6
       Potion            |       |       |     2 ||     2
Armor: Scale mail        |    28 |    32 |    63 ||   123
Dodge: Dodged            |    28 |    33 |    84 ||   145
Block: Buckler           |    26 |    24 |    88 ||   138

Table legend: (Time is in decaauts)
 A = Elapsed time spent in this place.
 B = Non-inter-level travel time spent in this place.
 C = Inter-level travel time spent in this place.
 D = Time resting spent in this place.
 E = Time spent auto-exploring this place.
 F = Levels seen in this place.
 G = Mean time per level.
                   A        B        C        D        E       F      G
               +--------+--------+--------+--------+--------+-----+--------+
         Total |   5268 |   5037 |    231 |     72 |   3737 |   9 |  585.3 |
       Dungeon |   5148 |   4917 |    231 |     72 |   3653 |   8 |  643.5 |
        Temple |    119 |    119 |      0 |      0 |     84 |   1 |  119.0 |
               +--------+--------+--------+--------+--------+-----+--------+

Top non-repeatable levels by time:
     D:4: 912 daAuts
     D:1: 911 daAuts
     D:5: 759 daAuts
     D:3: 729 daAuts
     D:7: 655 daAuts
     D:6: 580 daAuts
     D:2: 410 daAuts
     D:8: 190 daAuts
  Temple: 119 daAuts
